 Dungeon Crawl Stone Soup version 0.31-a0-875-g02e7d12df6 (webtiles) character file.

Game seed: 11368450629234722190

84 BigDaddyOpFi the Covered (level 4, -1/40 HPs)
             Began as an Armataur Fighter on Oct 12, 2023.
             Killed from afar by an orc wizard (2 damage)
             ... with a puff of flame
             ... on level 3 of the Dungeon.
             The game lasted 00:03:21 (2150 turns).

BigDaddyOpFi the Covered (Armataur Fighter)         Turns: 2150, Time: 00:03:22

Health: -1/40      AC:  8    Str: 23    XL:     4   Next: 24%
Magic:  4/4        EV:  7    Int:  9    God:
Gold:   97         SH:  0    Dex:  9    Spells: 3/3 levels left

rFire   . . .        a - +0 war axe
rCold   . . .        c - +0 buckler
rNeg    . . .        b - +0 scale mail
rPois   .            h - +0 helmet
rElec   .            (no cloak)
rCorr   .            (no gloves)
SInv    .            (no barding)
Will    .....        (no amulet) Stlth
                     (no ring)
HPRegen 0.26/turn    (no ring)
MPRegen 0.09/turn

%: roll
@: confused, mighty
A: large, rugged brown scales 3, deformed body, armoured tail, roll, long
tongue, awkward tongue
a: no special abilities


You were on level 3 of the Dungeon.
You visited 1 branch of the dungeon, and saw 3 of its levels.

You collected 97 gold pieces.

Inventory:

Hand Weapons
 a - a +0 war axe (weapon)
Armour
 b - a +0 scale mail (worn)
 c - a +0 buckler (worn)
 h - a +0 helmet (worn)
 p - a +0 pair of boots
Jewellery
 j - a ring of flight
Wands
 o - a wand of digging (4)
Scrolls
 e - a scroll of identify {unknown}
 f - 2 scrolls of teleportation {unknown}
 g - a scroll of blinking {unknown}
 i - a scroll of enchant armour {unknown}
 k - a scroll of revelation {unknown}
 l - a scroll of fear {unknown}
 m - a scroll of butterflies {unknown}
 n - a scroll of vulnerability {unknown}
Potions
 d - 5 potions of might


   Skills:
 + Level 3.2 Fighting
 + Level 2.3 Axes
 + Level 4.4 Armour
 + Level 4.0 Shields


You had 3 spell levels left.
You didn't know any spells.
Your spell library contained the following spells:

 Spells                   Type           Power      Damage    Failure   Level
 Magic Dart               Conj           0%         1d3       75%         1
 Necrotise                Necr           0%         1d4       75%         1
 Call Imp                 Summ           0%         N/A       87%         2
 Mephitic Cloud           Conj/Pois/Air  0%         N/A       98%         3
 Vampiric Draining        Necr           0%         2d6       98%         3
 Agony                    Necr           0%         N/A       100%        5


Dungeon Overview and Level Annotations

Branches:
Dungeon (3/15)

Altars:
Dithmenos

Annotations:
D:3 1 runed translucent door, Crazy Yiuf


Innate Abilities, Weirdness & Mutations

You are completely covered in rugged brown scales. (AC +3, +7% HP)
Armour fits poorly on your strangely shaped body.
You have a long armoured tail.
You roll when moving toward enemies. (Rampage)
Your long tongue fully drains potion bottles. (2x potion effects)
Your tongue gives you trouble enunciating. (1.5x scroll delay)


Message History

Okay, then.
Okay, then.
You slash the worm!
You kill the worm!
You hit the orc. You miss something. You miss the orc wizard.
You closely miss something. The bat hits you but does no damage.
Something hits you but does no damage.
You hear some strange, mumbled words.
Something tries to affect you, but you resist.
The orc wizard barely misses you. The orc barely misses you.
The bat barely misses you.
Unknown command.
You completely miss something.
Your tail-slap misses something.
You miss something. You miss the orc wizard. You slash the orc!
You kill the orc!
You barely miss the bat. The bat hits you but does no damage.
Something hits you but does no damage. Something hits you.
* * * LOW HITPOINT WARNING * * *
The orc wizard completely misses you.
You hear some strange, mumbled words.
A magic dart appears from out of thin air!
The magic dart hits you.
* * * LOW HITPOINT WARNING * * *
Something hits you but does no damage.
The orc wizard mumbles some strange words.
The orc wizard flickers and vanishes!
Unknown command.
The bat barely misses you. Something hits you but does no damage.
Unknown command.
You are too confused!
You are too confused!
You barely miss something.
Your tail-slap misses something.
You closely miss something. The bat hits you but does no damage.
Something hits you.
* * * LOW HITPOINT WARNING * * *
Something hits you but does no damage.
You hear some strange, mumbled words.
A puff of flame appears from out of thin air!
The puff of flame hits you.
You die...

## #.........##. ..
#....†.#.###. #.#
#####.##.###.# ##
#..##........##... .
#.................#
#.####.##§.########>..#
#.......b...# ###
...≈≈.≈§.§.§#
.≈..≈.≈{@≈..#
.≈§...){≈≈§.#
....._.{)...#
.≈≈.....≈≈..#
.≈..≈.≈..≈..#
...≈≈.≈§...##
#..........#
...§§###...# ^#### #>##


You could see a bat.

Vanquished Creatures
  3 gnolls (D:3)
  An adder (D:3)
  A worm (D:3)
  2 dart slugs (D:1)
  2 orcs (D:3)
  4 bats
  An endoplasm (D:3)
  3 giant cockroaches
  3 hobgoblins
  2 quokkas
  5 ball pythons
  3 frilled lizards
  2 goblins
  5 kobolds
  4 rats
41 creatures vanquished.

Notes
Turn   | Place    | Note
-------+----------+-------------------------------------------
     0 | D:1      | BigDaddyOpFi the Armataur Fighter began the quest for the
                  | Orb.
     0 | D:1      | Reached XP level 1. HP: 19/19 MP: 1/1
   346 | D:1      | Reached XP level 2. HP: 25/26 MP: 2/2
   460 | D:1      | Found a faded altar of an unknown god.
  1165 | D:2      | Reached XP level 3. HP: 33/33 MP: 3/3
  1967 | D:3      | Found a runed translucent door.
  1968 | D:3      | Noticed Crazy Yiuf
  2061 | D:3      | Reached XP level 4. HP: 34/40 MP: 4/4
  2130 | D:3      | Found a shadowy altar of Dithmenos.
  2150 | D:3      | HP: 1/40 [something (3)]
  2150 | D:3      | Killed from afar by an orc wizard

Illustrated notes

Levels and vault maps discovered:
D:1:      co_arrival_random_square_maze, layout_loops_ring,
          hellmonk_ecumenical_altar_zigzags
D:2:      layout_rooms, lemuel_flame_loot_1
D:3:      minmay_bubble_buster, layout_loops_ring,
          gammafunk_temple_overflow_pools, lemuel_zombie_altar_kikubaaqudgha,
          mainiacjoe_overflow_small_starburst, serial_bayou_lagoon_a,
          uniq_crazy_yiuf_cottage

Skill      XL: |  1  2  3  4 |
---------------+-------------+-----
Armour         | 4 |  4.4
Fighting       | 3 |  3.2
Axes           | 2 |  2.3
Shields        | 4 |  4.0

Action                     |  1- 3 |  4- 6 || total
---------------------------+-------+-------++-------
  Melee: War axe           |   100 |    13 ||   113
         Tailslap          |     8 |       ||     8
    Use: Potion            |     1 |     1 ||     2
 Armour: Scale mail        |    88 |    57 ||   145
  Dodge: Dodged            |    41 |    22 ||    63
  Block: Buckler           |    15 |       ||    15

Table legend: (Time is in decaauts)
 A = Elapsed time spent in this place.
 B = Non-inter-level travel time spent in this place.
 C = Inter-level travel time spent in this place.
 D = Time resting spent in this place.
 E = Time spent auto-exploring this place.
 F = Levels seen in this place.
 G = Mean time per level.
                   A        B        C        D        E       F      G
               +--------+--------+--------+--------+--------+-----+--------+
         Total |   2198 |   2132 |     66 |    474 |   1274 |   3 |  732.7 |
       Dungeon |   2198 |   2132 |     66 |    474 |   1274 |   3 |  732.7 |
               +--------+--------+--------+--------+--------+-----+--------+

Top non-repeatable levels by time:
     D:2: 1067 daAuts
     D:1: 841 daAuts
     D:3: 289 daAuts
